 Dungeon Crawl Stone Soup version 0.30-a0-557-ge2afbf3030 (webtiles) character file.

Game seed: 9614615824819657916

1520 drugrobin the Grappler (level 8, 0/62 HPs)
             Began as a Demigod Delver on Dec 28, 2022.
             Slain by a hornet (10 damage)
             ... on level 7 of the Dungeon.
             The game lasted 00:15:30 (5478 turns).

drugrobin the Grappler (Demigod Delver)             Turns: 5478, Time: 00:15:31

Health: 0/62       AC:  8    Str: 21      XL:     8   Next: 29%
Magic:  10/10      EV: 14    Int: 11 (12) God:
Gold:   255        SH:  0    Dex: 15      Spells: 2/7 levels left

rFire   . . .      SeeInvis +    b - +1 falchion (venom)
rCold   . . .      Faith    .    (no shield)
rNeg    . . .      Spirit   .    G - +0 scale mail
rPois   .          Reflect  .    x - +1 helmet {SInv}
rElec   .          Harm     .    C - scarf {repulsion}
rCorr   .          Rampage  .    (no gloves)
Will    .....                    (no boots)
Stlth   +                        (no amulet)
HPRegen 0.30/turn                q - +4 ring of evasion
MPRegen 0.12/turn                (no ring)

@: lethally poisoned (0 -> -15), slowed, repel missiles, very slow
A: high MP 1, forlorn, divine attributes, deterioration 1
a: no special abilities


You were on level 7 of the Dungeon.
You visited 1 branch of the dungeon, and saw 7 of its levels.

You collected 405 gold pieces.
You spent 150 gold pieces at shops.

Inventory:

Hand Weapons
 b - a +1 falchion of venom (weapon)
 c - a +0 triple crossbow
 J - a +2 war axe of draining
Missiles
 r - 18 poisoned darts (quivered)
 L - a javelin
 M - a throwing net
Armour
 a - a +0 leather armour
 j - a +0 chain mail
 x - a +1 helmet of see invisible (worn)
 C - a scarf of repulsion (worn)
 G - a +0 scale mail (worn)
Jewellery
 q - a +4 ring of evasion (left hand)
 B - a ring of positive energy
Wands
 f - a wand of digging (3)
Scrolls
 d - 2 scrolls of fear
 g - a scroll of amnesia {unknown}
 h - 3 scrolls of teleportation {unknown}
 n - 7 scrolls of identify {unknown}
 o - 3 scrolls of vulnerability {unknown}
 p - a scroll of noise {unknown}
 u - a scroll of torment {unknown}
 v - a scroll of enchant armour {unknown}
 y - a scroll of summoning {unknown}
 z - a scroll of silence {unknown}
 D - a scroll of enchant weapon {unknown}
 E - a scroll of poison {unknown}
 I - 4 scrolls of fog
 K - a scroll of magic mapping
Potions
 e - a potion of haste
 i - 3 potions of lignification {unknown}
 k - a potion of berserk rage {unknown}
 l - 4 potions of curing
 m - a potion of flight
 s - a potion of magic {unknown}
 t - a potion of attraction
 w - a potion of mutation
 A - a potion of degeneration {unknown}
 F - 2 potions of brilliance {unknown}


   Skills:
 - Level 2.6 Fighting
 - Level 1.7 Dodging
 - Level 4.5 Stealth
 + Level 9.3 Unarmed Combat
 + Level 3.4 Transmutations


You had 2 spell levels left.
You knew the following spells:

 Your Spells              Type           Power      Damage    Failure   Level
a - Beastly Appendage     Tmut           14%        N/A       26%         1
b - Blink                 Tloc           0%         N/A       83%         2
c - Wereblood             Tmut           7%         N/A       36%         2

Your spell library contained the following spells:

 Spells                   Type           Power      Damage    Failure   Level
 Cigotuvi's Dreadful Rot  Necr/Pois/Air  0%         N/A       83%         2
 Momentum Strike          Conj/Tloc      0%         3d8       83%         2
 Poisonous Vapours        Pois/Air       0%         N/A       83%         2
 Spider Form              Tmut/Pois      3%         N/A       83%         3
 Lesser Beckoning         Tloc           0%         N/A       97%         3
 Mephitic Cloud           Conj/Pois/Air  0%         N/A       97%         3


Dungeon Overview and Level Annotations

Branches:
Dungeon (7/15)             Temple (0/1) D:6

Shops:
D:6 (

Annotations:
D:6 exclusion: downstairs


Innate Abilities, Weirdness & Mutations

You have an increased reservoir of magic. (+10% MP)
You shall have no god before yourself.
Your divine heritage dramatically boosts your attributes as you level up.
Your body sometimes deteriorates upon taking damage.


Message History

You are more poisoned.
You feel as though you will be slow longer.
You can move again.
Unknown command.
Unknown command.
Unknown command.
Unknown command.
Unknown command.
You hit the hornet.
The hornet is lightly wounded.
You feel extremely sick. The hornet stings you!
You are lethally poisoned!
You feel as though you will be slow longer.
The hornet closely misses you. x2
Unknown command.
Unknown command.
Unknown command.
Unknown command.
Unknown command.
Unknown command.
Unknown command.
Unknown command.
Unknown command.
Unknown command.
Unknown command.
Unknown command.
Unknown command.
Unknown command.
Unknown command.
Unknown command.
Unknown command.
Unknown command.
You closely miss the hornet. Your punch misses the hornet.
The hornet is lightly wounded.
* * * LOW HITPOINT WARNING * * *
Your body deteriorates!
You feel dopey.
You feel extremely sick. The hornet stings you!
You die...

######. ...... #.....# ....
...... ..... #.....# ...
....# #...# #####.....# ..
..).########...###.....#####
. ...........#.....#.....#
...........#.....+.....#
######.....#.....#.....#
#....#..#####)....#
########(.y@.###### #.....#
#.....# #.....#
###.....##### #...........#
#...........# #...........#
#...........#


You could see a hornet.

Vanquished Creatures
  Grinder (D:6)
  Duvessa (D:4)
  2 ice beasts
  An ogre (D:5)
  3 phantoms
  A kobold brigand (D:5)
  2 necrophages
  Dowan (D:4)
  A jelly (D:5)
  3 orc priests
  A hound (D:6)
  3 orc wizards
  3 iguanas
  Robin (D:2)
  A gnoll (D:7)
  7 adders
  A white imp (D:6)
  A worm (D:1)
  3 dart slugs
  13 orcs
  7 endoplasms
  2 giant cockroaches
  12 goblins
  10 hobgoblins
  5 jackals
  14 kobolds
  2 quokkas
  3 training dummies (D:6)
  8 ball pythons
  4 bats
  2 frilled lizards (D:1)
  4 rats
123 creatures vanquished.

Vanquished Creatures (others)
  3 fungi (D:6)
  3 toadstools (D:6)
6 creatures vanquished.

Grand Total: 129 creatures vanquished

Notes
Turn   | Place    | Note
-------+----------+-------------------------------------------
     0 | D:5      | drugrobin the Demigod Delver began the quest for the Orb.
     0 | D:5      | Reached XP level 1. HP: 18/18 MP: 3/3
    26 | D:3      | Reached skill level 2 in Unarmed Combat
   154 | D:2      | Noticed Robin
   341 | D:3      | Noticed an iguana
   370 | D:3      | Reached XP level 2. HP: 23/25 MP: 4/4
   799 | D:1      | Reached skill level 3 in Unarmed Combat
  1105 | D:1      | Reached XP level 3. HP: 26/30 MP: 5/5
  1592 | D:1      | Reached skill level 4 in Unarmed Combat
  1614 | D:1      | Reached XP level 4. HP: 37/37 MP: 6/6
  1813 | D:2      | Killed Robin
  2134 | D:3      | Reached skill level 5 in Unarmed Combat
  2134 | D:3      | Reached XP level 5. HP: 21/42 MP: 7/7
  2741 | D:4      | Noticed an ice beast
  2809 | D:4      | Killed an ice beast
  2810 | D:4      | Reached skill level 6 in Unarmed Combat
  2810 | D:4      | Reached XP level 6. HP: 50/50 MP: 8/8
  2898 | D:4      | Noticed Duvessa
  2898 | D:4      | Noticed Dowan
  2921 | D:4      | Gained mutation: Your body sometimes deteriorates upon
                  | taking damage. [potion of mutation]
  2925 | D:4      | Killed Duvessa
  2926 | D:4      | Reached skill level 7 in Unarmed Combat
  2933 | D:4      | Killed Dowan
  3100 | D:4      | Reached XP level 7. HP: 23/56 MP: 9/9
  3866 | D:5      | Reached skill level 8 in Unarmed Combat
  4438 | D:6      | Learned a level 1 spell: Beastly Appendage
  4451 | D:6      | Learned a level 2 spell: Blink
  4467 | D:6      | Learned a level 2 spell: Wereblood
  4473 | D:6      | Found a staircase to the Ecumenical Temple.
  4613 | D:6      | Reached skill level 1 in Transmutations
  4960 | D:6      | Reached XP level 8. HP: 52/62 MP: 8/10
  5048 | D:6      | Noticed Grinder
  5057 | D:6      | Killed Grinder
  5058 | D:6      | Reached skill level 9 in Unarmed Combat
  5136 | D:6      | Found Joithom's Firing Range.
  5140 | D:6      | Bought a +0 triple crossbow for 150 gold pieces
  5278 | D:7      | Noticed a hornet
  5475 | D:7      | Paralysed by a hornet for 2 turns
  5478 | D:7      | Slain by a hornet

Illustrated notes

Levels and vault maps discovered:
D:1:      minmay_arrival_four_circles, layout_basic, serial_bayou,
          serial_bayou_ford_a, serial_bayou_pond_b, serial_bayou_lagoon_b,
          serial_bayou_shore_b, hellmonk_ecumenical_altar_crossroads
D:2:      layout_rooms, uniq_robin
D:3:      layout_loops_cross
D:4:      layout_loops_cross, nicolae_wu_jian_immortal_techniques, uniq_duvessa
D:5:      layout_loops_ring
D:6:      layout_rooms, minmay_temple_entry_grid, minmay_gold_behind_fungi,
          dreamdust_wishing_well, nicolae_shop_firing_range, uniq_grinder
D:7:      layout_gridville

Skill      XL: |  1  2  3  4  5  6  7  8 |
---------------+-------------------------+-----
Unarmed Combat | 2 3 4 5 6 7 8 9 |  9.3
Transmutations | 2 3 |  3.4
Fighting       | |  2.6
Dodging        | |  1.7
Stealth        | |  4.5

Action                   |  1- 3 |  4- 6 |  7- 9 || total
-------------------------+-------+-------+-------++-------
Melee: Unarmed           |   157 |   208 |   151 ||   516
       Punch             |     4 |     9 |     6 ||    19
       Falchion          |       |       |     6 ||     6
       Kick              |       |       |     2 ||     2
       Headbutt          |       |       |     2 ||     2
 Fire: Triple crossbow   |       |       |     6 ||     6
Throw: Dart              |     3 |     4 |     6 ||    13
 Cast: Beastly Appendage |       |       |     3 ||     3
  Use: Potion            |     1 |     5 |       ||     6
 Stab: Sleeping          |     4 |       |       ||     4
       Invisible         |       |     3 |       ||     3
Armor: Leather armour    |    11 |       |       ||    11
       Chain mail        |    68 |    67 |     6 ||   141
       Scale mail        |       |       |    41 ||    41
Dodge: Dodged            |    79 |    78 |   100 ||   257
       Repelled          |       |       |     1 ||     1

Table legend: (Time is in decaauts)
 A = Elapsed time spent in this place.
 B = Non-inter-level travel time spent in this place.
 C = Inter-level travel time spent in this place.
 D = Time resting spent in this place.
 E = Time spent auto-exploring this place.
 F = Levels seen in this place.
 G = Mean time per level.
                   A        B        C        D        E       F      G
               +--------+--------+--------+--------+--------+-----+--------+
         Total |   5464 |   5198 |    266 |    377 |   3264 |   7 |  780.6 |
       Dungeon |   5464 |   5198 |    266 |    377 |   3264 |   7 |  780.6 |
               +--------+--------+--------+--------+--------+-----+--------+

Top non-repeatable levels by time:
     D:4: 1035 daAuts
     D:1: 1030 daAuts
     D:5: 954 daAuts
     D:3: 866 daAuts
     D:6: 860 daAuts
     D:2: 538 daAuts
     D:7: 178 daAuts
